cohdb
Replays
Latest Replays
All Replays
Popular Replays
Top Player Replays
Match Explorer
How It Works
Community
CoH3 Stats
Reddit
Sign in to upload your games and track your stats! →
Sign in with Steam
Match 39700945
Unlisted
Match 39700945
Overview
Messages
Build Orders
End
Construct Infanterie Kompanie
Pioneer Squad
Grenadier Squad
Grenadier Squad
Grenadier Squad
Infanterie Officer Quarters
Selects Terror Battlegroup
Selects Machine Gun Camouflage
Selects Contempt for the Weak
MG 42 Machine Gun Team
Construct Luftwaffe Kompanie
221 Scout Car
Medical Bunker
Selects Propaganda Leaflet Drop
Jäger Squad
Support Elements
Jäger Squad
Wirbelwind Flakpanzer
Luftwaffe Officer Quarters
我不懂传day
dobRi3000
Bruistablet
Epouvente
0
0
Comments
sign in to comment!
No comments posted yet!